 Dungeon Crawl Stone Soup version 0.21.1-1-g345015f (webtiles) character file.

191 sankara the Slasher (level 6, 0/41 HPs)
             Began as a Halfling Fighter on Feb 16, 2018.
             Was a Follower of Uskayaw.
             Succumbed to Sigmund's poison
             ... on level 3 of the Dungeon.
             The game lasted 00:10:23 (2845 turns).

sankara the Slasher (Halfling Fighter)              Turns: 2845, Time: 00:10:24

Health: 0/41       AC:  9    Str: 17    XL:     6   Next: 2%
Magic:  6/6        EV: 10    Int:  8    God:    Uskayaw [*.....]
Gold:   138        SH:  9    Dex: 14    Spells: 5/5 levels left

rFire    . . .     SeeInvis .   a - +0 long sword
rCold    . . .     Gourm    .   c - +0 shield
rNeg     . . .     Faith    .   b - +0 scale mail
rPois    .         Spirit   .   i - +0 helmet
rElec    .         Reflect  .   (no cloak)
rCorr    .         Harm     .   (no gloves)
MR       .....                  r - +0 pair of boots
Stlth    ..........             (no amulet)
HPRegen  0.13/turn              (no ring)
MPRegen  0.10/turn              (no ring)

@: lethally poisoned (0 -> -9), very slightly contaminated, invisible
A: small, mutation resistance 1
a: Stomp, Renounce Religion


You were on level 3 of the Dungeon.
You worshipped Uskayaw.
Uskayaw was noncommittal.
You were not hungry.

You visited 1 branch of the dungeon, and saw 3 of its levels.

You collected 138 gold pieces.

Inventory:

Hand Weapons
 a - a +0 long sword (weapon)
 n - a +2 hunting sling of freezing
 o - a +0 hunting sling
 q - a +1 short sword of electrocution
Missiles
 k - 58 stones (quivered)
Armour
 b - a +0 scale mail (worn)
 c - a +0 shield (worn)
 i - a +0 helmet (worn)
 r - a +0 pair of boots (worn)
Scrolls
 e - 3 scrolls of magic mapping
 g - 3 scrolls of teleportation {unknown}
 h - 3 scrolls of identify {unknown}
 m - a scroll of remove curse {unknown}
 t - a scroll of blinking {unknown}
 v - a scroll of enchant weapon {unknown}
Potions
 d - a potion of might
 s - 3 potions of flight {unknown}
Comestibles
 f - 3 rations
 u - 11 chunks of flesh


   Skills:
 - Level 2.6 Fighting
 + Level 4.8 Long Blades
 - Level 3.2 Armour
 - Level 3.0 Dodging
 - Level 3.2 Shields


You had 5 spell levels left.
You didn't know any spells.

Dungeon Overview and Level Annotations

Branches:
Dungeon (3/15)

Altars:
Elyvilon
Kikubaaqudgha
Sif Muna
Uskayaw

Annotations:
D:3 Sigmund


Innate Abilities, Weirdness & Mutations

You are small and have problems with some larger weapons.
You are somewhat resistant to further mutation.


Message History

* * * LOW HITPOINT WARNING * * *
You feel sick.
* * * LOW HITPOINT WARNING * * *
You feel sick. You block the jackal's attack.
* * * LOW HITPOINT WARNING * * *
You feel sick.
* * * LOW HITPOINT WARNING * * *
You feel sick.
* * * LOW HITPOINT WARNING * * *
You feel sick. You block the jackal's attack.
* * * LOW HITPOINT WARNING * * *
You feel sick.
It was a potion of invisibility.
You fade into invisibility!
* * * LOW HITPOINT WARNING * * *
You feel sick.
The jackal appears confused.
The jackal barely misses you.
You riposte.
You hit the jackal.
The jackal is almost dead.
You are very lightly contaminated with residual magic.
You die...

.....##....##.# #.#**.#,,*
.....).....##.## #.#**.#,,,
.....#...##....# #..,,.#,,,
.....#...##....# #.###.#,,*
###.###..##....### #..?..#,,.
....#_#..........#######.##..#..#
[..##.##....)...hh..{.....|(.((..
####...######.##.#####.#.##......
##...##..##.##@## #.#.........
#.....#.........# ##.#.###.....
###.....#########.###......#.....
#....8....###....................
.....#......#####.###............
...8###8....._# #.###...###..(...
.....#......#####..##...# *......
#...)8....###...........###...#.#
###.....###...####.##...........#


You could see 2 jackals.

Vanquished Creatures
  Jessica (D:2)
  Terence (D:3)
  A worker ant (D:2)
  5 adders
  3 worms
  2 dart slugs (D:1)
  A leopard gecko (D:1)
  2 orcs (D:3)
  A giant cockroach (D:1)
  4 goblins
  8 hobgoblins
  A jackal (D:3)
  2 ball pythons
  9 bats
  7 frilled lizards
  7 kobolds
  9 rats
64 creatures vanquished.

Notes
Turn   | Place    | Note
-------+----------+-------------------------------------------
     0 | D:1      | sankara the Halfling Fighter began the quest for the Orb.
     0 | D:1      | Reached XP level 1. HP: 15/15 MP: 1/1
    73 | D:1      | Reached XP level 2. HP: 20/20 MP: 2/2
   210 | D:1      | Reached skill level 3 in Long Blades
   631 | D:1      | Reached XP level 3. HP: 23/25 MP: 3/3
  1034 | D:2      | Reached skill level 1 in Dodging
  1300 | D:2      | Noticed Jessica
  1307 | D:2      | Killed Jessica
  1307 | D:2      | Reached XP level 4. HP: 30/30 MP: 4/4
  1646 | D:2      | Reached skill level 4 in Long Blades
  1795 | D:2      | Found a deep blue altar of Sif Muna.
  1805 | D:2      | Reached XP level 5. HP: 15/35 MP: 5/5
  2659 | D:3      | Noticed Terence
  2665 | D:3      | Killed Terence
  2668 | D:3      | Reached XP level 6. HP: 41/41 MP: 6/6
  2708 | D:3      | Found a white marble altar of Elyvilon.
  2713 | D:3      | Found an ancient bone altar of Kikubaaqudgha.
  2720 | D:3      | Found a hide-covered altar of Uskayaw.
  2736 | D:3      | Became a worshipper of Uskayaw the Reveler
  2806 | D:3      | Noticed Sigmund
  2816 | D:3      | Reached * piety under Uskayaw
  2821 | D:3      | Reached ** piety under Uskayaw
  2842 | D:3      | HP: 2/41 [poisoned by Sigmund]
  2845 | D:3      | Succumbed to Sigmund's poison

Skill      XL: |  1  2  3  4  5 |
---------------+----------------+-----
Long Blades    | 3 4 |  4.8
Dodging        | 1 2 3 |  3.0
Fighting       | |  2.6
Armour         | |  3.2
Shields        | |  3.2

Action                   |  1- 3 |  4- 6 || total
-------------------------+-------+-------++-------
Melee: Long sword        |   118 |   156 ||   274
 Fire: Hunting sling     |       |    17 ||    17
  Use: Potion            |       |     4 ||     4
       Scroll            |       |     1 ||     1
  Eat: Chunk             |     2 |     5 ||     7
Armor: Scale mail        |    47 |    71 ||   118
       Skin              |       |     7 ||     7
Dodge: Dodged            |    39 |    62 ||   101
Block: Shield            |    83 |    82 ||   165
       Rpst.: Long sword |     8 |    21 ||    29
